Map: Babylon LE

Players

A.I. 1 (Very Easy) - Winner!

  • Race: Protoss Protoss
  • Spawn Location: 5:00

TheCowboy

  • Race: Protoss Protoss
  • League: Grandmaster
  • Spawn Location: 11:00

VOD

Have the link to the VOD?

Description

Time

  • Played on: Feb. 5, 2023, 10:37 a.m.
  • Length: 4:57
Show
View Real Time Build Order
Export as new Build Order

A.I. 1 (Very Easy) Protoss - Winner!

Build Orders:  

Get SALT Encoding   

  12  0:00  Probe  
  13  0:13  Probe  
  14  0:20  Pylon  
  14  0:36  Assimilator  
  14  0:43  Gateway  
  14  0:46  Pylon  
  14  1:15  Assimilator  
  14  1:17  Probe  
  15  1:25  Probe  
  15  1:32  Cybernetics Core  
  16  1:34  Probe  
  17  1:44  Probe  
  18  1:56  Probe  
  18  1:58  Warp Gate  
  19  2:04  Probe  
  20  2:11  Stalker  
  22  4:54  Stalker  
Show
View Real Time Build Order
Export as new Build Order

TheCowboy Protoss 

Build Orders: 1 Gate Expand 

Get SALT Encoding   

  12  0:00  Probe  
  13  0:12  Probe  
  14  0:18  Pylon  
  14  0:24  Probe  
  15  0:37  Gateway  
  15  0:38  Probe (Chrono Boost)  
  16  0:47  Probe (Chrono Boost)  
  17  0:51  Assimilator  
  17  0:53  Probe  
  18  1:05  Probe  
  19  1:17  Probe  
  20  1:25  Nexus  
  20  1:36  Cybernetics Core  
  20  1:40  Probe  
  20  1:46  Pylon  
  21  1:52  Probe  
  22  2:04  Probe  
  23  2:10  Adept (Chrono Boost)  
  23  2:13  Warp Gate  
  25  2:16  Probe  
  26  2:25  Robotics Facility  
  26  2:29  Probe  
  29  2:38  Probe  
  29  2:41  Probe  
  29  2:43  Stalker  
  31  2:50  Probe  
  32  2:53  Probe  
  33  2:59  Gateway  
  33  3:03  Probe  
  33  3:05  Probe  
  35  3:07  Gateway  
  35  3:08  Gateway  
  35  3:17  Immortal (Chrono Boost)  
  39  3:27  Gateway  
  39  3:30  Gateway  
  39  3:35  Pylon  
  39  3:44  Gateway  
  39  3:46  Warp Prism (Chrono Boost)  
  41  3:59  Pylon  
  41  4:01  Zealot x2  
  41  4:02  Zealot  
  47  4:04  Zealot  
  47  4:09  Pylon  
  49  4:21  Zealot x2  
  49  4:22  Zealot  
  49  4:23  Zealot  
  57  4:25  Zealot  
  59  4:32  Pylon  
  59  4:37  Zealot  
  61  4:41  Zealot x3  
  67  4:45  Zealot  
  67  4:52  Pylon, Zealot  
  71  4:55  Zealot  
Tags
 
Matchup
PvP
Spawn Locations
Cross Positions
Add a new tag
Caveats
  • Supply blocks, unpowered buildings, or Contaminate may cause inaccurate times.
  • Supply counts are checked every 10 seconds.